 Dungeon Crawl Stone Soup version 0.30-b1-2-g02819fbbbe (webtiles) character file.

Game seed: 15326184910083355889

96 sexsifox the Chopper (level 4, -6/37 HPs)
             Began as a Human Berserker on Aug 22, 2023.
             Was a Believer of Trog.
             Killed from afar by Grinder (15 damage)
             ... with a bolt of dispelling energy
             ... on level 3 of the Dungeon.
             The game lasted 00:05:55 (2028 turns).

sexsifox the Chopper (Human Berserker)              Turns: 2028, Time: 00:05:55

Health: -6/37      AC:  5    Str: 17    XL:     4   Next: 98%
Magic:  4/4        EV: 11    Int:  7    God:    Trog [**....]
Gold:   54         SH:  0    Dex: 15    Spells: 3/3 levels left

rFire   . . .        a - +0 hand axe
rCold   . . .        (no shield)
rNeg    . . .        i - +0 ring mail
rPois   .            (no helmet)
rElec   .            (no cloak)
rCorr   .            (no gloves)
SInv    +            (no boots)
Will    .....        (no amulet)
Stlth   +            l - ring of see invisible
HPRegen 0.26/turn    (no ring)
MPRegen 0.09/turn

%: no passive effects
@: no status effects
A: no striking features
a: Renounce Religion, Berserk, Trog's Hand


You were on level 3 of the Dungeon.
You worshipped Trog.
Trog was pleased with you.
You visited 1 branch of the dungeon, and saw 3 of its levels.

You collected 54 gold pieces.

Inventory:

Hand Weapons
 a - a +0 hand axe (weapon)
 k - a +0 mace
 o - a +0 dagger of draining
Missiles
 e - 20 stones (quivered)
 n - 4 boomerangs
Armour
 b - a +0 animal skin
 g - a +0 robe
 i - a +0 ring mail (worn)
 m - a +0 chain mail
Jewellery
 l - a ring of see invisible (left hand)
Scrolls
 c - 4 scrolls of identify {unknown}
 f - 3 scrolls of amnesia {unknown}
 j - 2 scrolls of teleportation {unknown}
Potions
 d - a potion of attraction {unknown}
 h - a potion of brilliance {unknown}


   Skills:
 + Level 3.7 Fighting
 + Level 4.1 Axes
 + Level 2.4 Armour
 + Level 2.5 Dodging
 + Level 0.1 Stealth


You had 3 spell levels left.
You didn't know any spells.
Your spell library was empty.

Dungeon Overview and Level Annotations

Branches:
Dungeon (3/15)

Altars:

Annotations:
D:3 Grinder


Message History

The hobgoblin is lightly wounded.
You hit the hobgoblin but do no damage.
A goblin comes into view. It is wielding a +0 club.
The hobgoblin hits you but does no damage. x2
The goblin shouts!
You hit the hobgoblin.
The hobgoblin is almost dead.
You hit the hobgoblin. The hobgoblin barely misses you. The hobgoblin hits you.
You hit the hobgoblin.
You kill the hobgoblin!
Trog accepts your kill.
You barely miss the hobgoblin.
Grinder blinks!
The hobgoblin hits you.
You hit the kobold.
You kill the kobold!
Trog accepts your kill.
You closely miss the hobgoblin.
A rat comes into view.
The hobgoblin completely misses you.
An endoplasm comes into view.
The rat twitches its whiskers.
Grinder blinks!
The hobgoblin hits you but does no damage.
Things that are here:
a +0 club; a kobold corpse The goblin hits you with a +0 club.
The hobgoblin hits you.
You hit the hobgoblin.
You kill the hobgoblin!
Trog accepts your kill.
You closely miss Grinder. You barely miss the goblin.
The goblin hits you but does no damage. Grinder hits you.
You writhe in agony.
A rat comes into view.
Grinder hits you.
You see here a hobgoblin corpse.
Grinder zaps a wand.
The bolt of dispelling energy hits you!
* * * LOW HITPOINT WARNING * * *
Grinder zaps a wand.
The bolt of dispelling energy hits the goblin!!
The goblin dies!
The bolt of dispelling energy hits you!
You die...

.. .# . ... ..#.. ...
....# #.r ......
..#..!#### ###......
#.......J######........
##...#...J)†$..<..#
......[#r5†####.###
..#.##.###.)@..(# #
#....####....# ..>...
...#... ...#.# ........
....$ ..####.. . ...
#.# #.. ...


You could see Grinder, 2 endoplasms and a rat.

Vanquished Creatures
  Jessica (D:2)
  An adder (D:2)
  A worm (D:2)
  5 dart slugs
  8 ball pythons
  5 endoplasms (D:1)
  A giant cockroach (D:3)
  3 goblins
  5 hobgoblins
  3 jackals (D:1)
  2 bats
  4 frilled lizards
  5 kobolds
  2 rats (D:1)
46 creatures vanquished.

Vanquished Creatures (others)
  A goblin (D:3)
1 creature vanquished.

Grand Total: 47 creatures vanquished

Notes
Turn   | Place    | Note
-------+----------+-------------------------------------------
     0 | D:1      | sexsifox the Human Berserker began the quest for the Orb.
     0 | D:1      | Reached XP level 1. HP: 18/18 MP: 1/1
    84 | D:1      | Reached XP level 2. HP: 18/24 MP: 2/2
   355 | D:1      | Reached XP level 3. HP: 16/29 MP: 3/3
  1128 | D:2      | Reached ** piety under Trog
  1178 | D:2      | Reached XP level 4. HP: 9/35 MP: 4/4
  1772 | D:2      | Noticed Jessica
  1778 | D:2      | Killed Jessica
  1779 | D:2      | Reached skill level 4 in Axes
  2012 | D:3      | Noticed Grinder
  2028 | D:3      | Killed from afar by Grinder

Illustrated notes

Levels and vault maps discovered:
D:1:      dpeg_arrival_line_fractal, layout_basic, dk_noncrumbling_3
D:2:      layout_basic, uniq_jessica
D:3:      layout_rooms, roderic_st_hans_cross, nicolae_shop_vocational,
          uniq_terence, uniq_grinder

Skill      XL: |  1  2  3  4 |
---------------+-------------+-----
Axes           | 4 |  4.1
Fighting       | |  3.7
Armour         | |  2.4
Dodging        | |  2.5
Stealth        | |  0.1

Action                     |  1- 3 |  4- 6 || total
---------------------------+-------+-------++-------
  Melee: Hand axe          |    85 |    32 ||   117
         Punch             |     1 |       ||     1
 Armour: Animal skin       |    11 |       ||    11
         Ring mail         |    11 |    12 ||    23
  Dodge: Dodged            |    57 |    20 ||    77
